TOP OF THE 1ST |
Missouri Tigers batting - Pitching for Kansas State Wildcats : LHP Steve Thompson
|
Pitching: LHP Steve Thompson
|
|
Batting: LHB Alfredo Herrera
|
0-0: Called Strike 0-1: Ball 1-1: Swinging Strike 1-2: Strikes out swinging
|
Batting: RHB Beau McNeill
|
0-0: Called Strike 0-1: Swinging Strike 0-2: Ball 1-2: Ball 2-2: Ball 3-2: Ground out 4-3 (Groundball, 4)
|
Batting: SHB Brian Fish
|
0-0: Ground out 4-3 (Groundball, 34)
|
Top of the 1st over - 0 runs, 0 hits, 0 errors, 0 left on base; Missouri 0 - Kansas State 0 |
BOTTOM OF THE 1ST |
Kansas State Wildcats batting - Pitching for Missouri Tigers : RHP Foster Gray
|
Pitching: RHP Foster Gray
|
|
Batting: RHB Tony Klein
|
0-0: Fly out, F7 (Flyball, 7LM)
|
Batting: RHB Ben McKenzie
|
0-0: Ball 1-0: Called Strike 1-1: Foul Ball, location: 2F 1-2: Strikes out swinging
|
Batting: RHB Jeff Moore
|
0-0: Swinging Strike 0-1: SINGLE (Groundball, 56D)
|
Batting: RHB Fred Smith
|
0-0: Foul Ball, location: 2F 0-1: Ball 1-1: Foul Ball, location: 2F 1-2: SINGLE (Flyball, 9LM) Jeff Moore to second Runner from 2nd tries for 3rd, SAFE, throw made to third
|
Batting: SHB Larry Edwards
|
0-0: Swinging Strike 0-1: Ball 1-1: Ball 2-1: Ball 3-1: Base on Balls Fred Smith to second
|
Batting: RHB Enrique Navarro
|
0-0: Foul Ball, location: 2F 0-1: Foul Ball, location: 2F 0-2: Ball 1-2: Foul Ball, location: 2F 1-2: Foul Ball, location: 2F 1-2: Ball 2-2: Foul Ball, location: 2F 2-2: Ball 3-2: Foul Ball, location: 2F 3-2: Base on Balls Jeff Moore scores Fred Smith to third Larry Edwards to second
|
Batting: RHB James Venables
|
0-0: Ball 1-0: SINGLE (Flyball, 9S) Fred Smith scores Larry Edwards to third Enrique Navarro to second Runner from 3rd tries for Home, SAFE, no throw
|
Batting: LHB Tom Edwards
|
0-0: Ground out 4-3 (Groundball, 4)
|
Bottom of the 1st over - 3 runs, 3 hits, 0 errors, 2 left on base; Missouri 0 - Kansas State 3 |
TOP OF THE 2ND |
Missouri Tigers batting - Pitching for Kansas State Wildcats : LHP Steve Thompson
|
Batting: LHB Rodney Rosa
|
0-0: Swinging Strike 0-1: Foul Ball, location: 2F 0-2: Ball 1-2: Fly out, F7 (Flyball, 78M)
|
Batting: RHB Harvey Willis
|
0-0: Ball 1-0: Ground out 3-1 (Groundball, 34)
|
Batting: RHB Harry Edwards
|
0-0: Ball 1-0: Ball 2-0: Called Strike 2-1: Fly out, F7 (Flyball, 78D)
|
Top of the 2nd over - 0 runs, 0 hits, 0 errors, 0 left on base; Missouri 0 - Kansas State 3 |
BOTTOM OF THE 2ND |
Kansas State Wildcats batting - Pitching for Missouri Tigers : RHP Foster Gray
|
Batting: RHB Mario Ramírez
|
0-0: Fly out, F7 (Flyball, 7D)
|
Batting: RHB Tony Klein
|
0-0: Ball 1-0: Ball 2-0: Fly out, F8 (Line Drive, 8RD)
|
Batting: RHB Ben McKenzie
|
0-0: Called Strike 0-1: Ball 1-1: Foul Ball, location: 2F 1-2: Ball 2-2: Ground out U3 (Groundball, 34)
|
Bottom of the 2nd over - 0 runs, 0 hits, 0 errors, 0 left on base; Missouri 0 - Kansas State 3 |
TOP OF THE 3RD |
Missouri Tigers batting - Pitching for Kansas State Wildcats : LHP Steve Thompson
|
Batting: SHB David Castaneda
|
0-0: Called Strike 0-1: Swinging Strike 0-2: Foul Ball, location: 2F 0-2: Ball 1-2: Ground out 6-3 (Groundball, 6)
|
Batting: RHB Walt Anderson
|
0-0: Called Strike 0-1: Swinging Strike 0-2: Strikes out swinging
|
Batting: LHB Christian Harris
|
0-0: Called Strike 0-1: Ball 1-1: Foul Ball, location: 2F 1-2: Ball 2-2: Ball 3-2: TRIPLE (Line Drive, 9D)
|
Batting: LHB Alfredo Herrera
|
0-0: Ball 1-0: Ground out 6-3 (Groundball, 6MS)
|
Top of the 3rd over - 0 runs, 1 hit, 0 errors, 1 left on base; Missouri 0 - Kansas State 3 |
BOTTOM OF THE 3RD |
Kansas State Wildcats batting - Pitching for Missouri Tigers : RHP Foster Gray
|
Batting: RHB Jeff Moore
|
0-0: Fly out, F8 (Flyball, 8RS)
|
Now in CF: Julián Echevarría
|
|
Batting: RHB Fred Smith
|
0-0: Called Strike 0-1: Ball 1-1: SINGLE (Line Drive, 9S)
|
Batting: SHB Larry Edwards
|
0-0: Called Strike 0-1: Ball 1-1: Called Strike 1-2: Foul Ball, location: 2F 1-2: Ball 2-2: Ball 3-2: Base on Balls Fred Smith to second
|
Batting: RHB Enrique Navarro
|
0-0: Ball 1-0: Called Strike 1-1: Called Strike 1-2: Ball 2-2: Foul Ball, location: 2F 2-2: 3-RUN HOME RUN (Flyball, 8RXD), Distance : 409 ft
|
Batting: RHB James Venables
|
0-0: Ball 1-0: Swinging Strike 1-1: DOUBLE (Flyball, 89D)
|
Pitching: RHP Ben Crochers
|
|
Batting: LHB Tom Edwards
|
0-0: Called Strike 0-1: Ball 1-1: Ball 2-1: Called Strike 2-2: Ball 3-2: Foul Ball, location: 2F 3-2: Base on Balls
|
Batting: RHB Mario Ramírez
|
0-0: Ball 1-0: Ball 2-0: Called Strike 2-1: Ball 3-1: Swinging Strike 3-2: Base on Balls James Venables to third Tom Edwards to second
|
Batting: RHB Tony Klein
|
0-0: Ball 1-0: Ball 2-0: Ball 3-0: Base on Balls James Venables scores Tom Edwards to third Mario Ramírez to second
|
Batting: RHB Ben McKenzie
|
0-0: Ball 1-0: Foul Ball, location: 2F 1-1: Ball 2-1: Ball 3-1: Base on Balls Tom Edwards scores Mario Ramírez to third Tony Klein to second
|
Batting: RHB Jeff Moore
|
0-0: Ball 1-0: Ball 2-0: Called Strike 2-1: Called Strike 2-2: Ball 3-2: Base on Balls Mario Ramírez scores Tony Klein to third Ben McKenzie to second
|
Batting: RHB Fred Smith
|
0-0: Swinging Strike 0-1: SINGLE (Line Drive, 4D) Tony Klein scores Ben McKenzie to third Jeff Moore to second
|
Batting: SHB Larry Edwards
|
0-0: Foul Ball, location: 2F 0-1: Grounds into double play, 4-6-3 (Groundball, 4)
|
Bottom of the 3rd over - 7 runs, 4 hits, 0 errors, 2 left on base; Missouri 0 - Kansas State 10 |
TOP OF THE 4TH |
Missouri Tigers batting - Pitching for Kansas State Wildcats : LHP Steve Thompson
|
Batting: RHB Beau McNeill
|
0-0: Called Strike 0-1: Ball 1-1: Foul Ball, location: 2F 1-2: Foul Ball, location: 2F 1-2: Ground out 5-3 (Groundball, 56S)
|
Batting: SHB Brian Fish
|
0-0: Foul Ball, location: 2F 0-1: Ball 1-1: Fly out, F8 (Flyball, 8RS)
|
Batting: LHB Julián Echevarría
|
0-0: Foul Ball, location: 2F 0-1: Ball 1-1: Ball 2-1: Ball 3-1: Base on Balls
|
Batting: RHB Harvey Willis
|
0-0: Called Strike 0-1: Ball 1-1: Foul Ball, location: 2F 1-2: Fly out, F4 (Line Drive, 4)
|
Top of the 4th over - 0 runs, 0 hits, 0 errors, 1 left on base; Missouri 0 - Kansas State 10 |
BOTTOM OF THE 4TH |
Kansas State Wildcats batting - Pitching for Missouri Tigers : RHP Ben Crochers
|
Batting: RHB Enrique Navarro
|
0-0: Ball 1-0: Ground out 4-3 (Groundball, 34)
|
Batting: RHB James Venables
|
0-0: Ball 1-0: Called Strike 1-1: Ball 2-1: Ball 3-1: Swinging Strike 3-2: Ground out 6-3 (Groundball, 6M)
|
Batting: LHB Tom Edwards
|
0-0: Ball 1-0: Foul Ball, location: 2F 1-1: Foul Ball, location: 2F 1-2: Ball 2-2: Ball 3-2: SINGLE (Flyball, 78M)
|
Batting: RHB Mario Ramírez
|
0-0: Ball 1-0: Ball 2-0: Ball 3-0: Base on Balls Tom Edwards to second
|
Batting: RHB Tony Klein
|
0-0: Called Strike 0-1: Ball 1-1: SINGLE (Line Drive, 34) Tom Edwards to third Mario Ramírez to second Runner from 3rd tries for Home, SAFE, throw made home
|
Batting: RHB Ben McKenzie
|
0-0: Ball 1-0: Called Strike 1-1: Ball 2-1: SINGLE (Groundball, 34D) Mario Ramírez to third Tony Klein to second Runner from 3rd tries for Home, SAFE, throw made home
|
Batting: RHB Jeff Moore
|
0-0: Ball 1-0: Called Strike 1-1: Ball 2-1: Ball 3-1: Called Strike 3-2: Base on Balls Tony Klein to third Ben McKenzie to second
|
Batting: RHB Fred Smith
|
0-0: Ball Wild Pitch! Tony Klein scores Ben McKenzie to third Jeff Moore to second 1-0: Ball 2-0: Ball 3-0: Called Strike 3-1: Base on Balls
|
Batting: SHB Larry Edwards
|
0-0: Fly out, F7 (Flyball, 78M)
|
Bottom of the 4th over - 3 runs, 3 hits, 0 errors, 3 left on base; Missouri 0 - Kansas State 13 |
TOP OF THE 5TH |
Missouri Tigers batting - Pitching for Kansas State Wildcats : LHP Steve Thompson
|
Batting: RHB Harry Edwards
|
0-0: Ball 1-0: Ball 2-0: Ball 3-0: Base on Balls
|
Batting: SHB David Castaneda
|
0-0: Swinging Strike 0-1: Ball 1-1: Called Strike 1-2: Ball 2-2: Foul Ball, location: 2F 2-2: Grounds into double play, 4-6-3 (Groundball, 4)
|
Batting: RHB Walt Anderson
|
0-0: Ground out U3 (Groundball, 3L)
|
Top of the 5th over - 0 runs, 0 hits, 0 errors, 0 left on base; Missouri 0 - Kansas State 13 |
BOTTOM OF THE 5TH |
Kansas State Wildcats batting - Pitching for Missouri Tigers : RHP Ben Crochers
|
Pitching: RHP Donnie Davenport
|
|
Batting: RHB Enrique Navarro
|
0-0: Ball 1-0: Fly out, F4 (Popup, 4D)
|
Batting: RHB James Venables
|
0-0: Ball 1-0: Swinging Strike 1-1: Called Strike 1-2: Ball 2-2: Strikes out swinging
|
Batting: LHB Tom Edwards
|
0-0: Swinging Strike 0-1: Foul Ball, location: 2F 0-2: Strikes out swinging
|
Bottom of the 5th over - 0 runs, 0 hits, 0 errors, 0 left on base; Missouri 0 - Kansas State 13 |
TOP OF THE 6TH |
Missouri Tigers batting - Pitching for Kansas State Wildcats : LHP Steve Thompson
|
Batting: LHB Christian Harris
|
0-0: Ground out 6-3 (Groundball, 6M)
|
Batting: LHB Alfredo Herrera
|
0-0: Foul Ball, location: 2F 0-1: Foul Ball, location: 2F 0-2: Fly out, F6 (Line Drive, 6M)
|
Batting: RHB Beau McNeill
|
0-0: Called Strike 0-1: Swinging Strike 0-2: Ball 1-2: Foul Ball, location: 2F 1-2: Strikes out swinging
|
Top of the 6th over - 0 runs, 0 hits, 0 errors, 0 left on base; Missouri 0 - Kansas State 13 |
BOTTOM OF THE 6TH |
Kansas State Wildcats batting - Pitching for Missouri Tigers : RHP Donnie Davenport
|
Batting: RHB Mario Ramírez
|
0-0: Ball 1-0: Called Strike 1-1: Called Strike 1-2: Ground out 6-3 (Groundball, 6)
|
Batting: RHB Tony Klein
|
0-0: Ball 1-0: Ball 2-0: Swinging Strike 2-1: Called Strike 2-2: Strikes out swinging
|
Batting: RHB Ben McKenzie
|
0-0: Ball 1-0: Called Strike 1-1: Ball 2-1: Ball 3-1: Base on Balls
|
Pinch Hitting: RHB Richard Mitchell
|
0-0: Foul Ball, location: 2F 0-1: Foul Ball, location: 2F 0-2: Ball 1-2: Fly out, F6 (Popup, 6M)
|
Bottom of the 6th over - 0 runs, 0 hits, 0 errors, 1 left on base; Missouri 0 - Kansas State 13 |
TOP OF THE 7TH |
Missouri Tigers batting - Pitching for Kansas State Wildcats : LHP Steve Thompson
|
Now in RF: Richard Mitchell
|
|
Batting: SHB Brian Fish
|
0-0: Called Strike 0-1: Swinging Strike 0-2: Foul Ball, location: 2F 0-2: Ball 1-2: Ball 2-2: Ball 3-2: Strikes out swinging
|
Pitching: LHP Diego Reyes
|
|
Batting: LHB Julián Echevarría
|
0-0: Called Strike 0-1: Swinging Strike 0-2: Strikes out looking
|
Batting: RHB Harvey Willis
|
0-0: Ball 1-0: Ball 2-0: Called Strike 2-1: Foul Ball, location: 2F 2-2: Foul Ball, location: 2F 2-2: Strikes out swinging
|
Top of the 7th over - 0 runs, 0 hits, 0 errors, 0 left on base; Missouri 0 - Kansas State 13 |
BOTTOM OF THE 7TH |
Kansas State Wildcats batting - Pitching for Missouri Tigers : RHP Donnie Davenport
|
Batting: RHB Fred Smith
|
0-0: Called Strike 0-1: Ball 1-1: Called Strike 1-2: Ball 2-2: Ball 3-2: Foul Ball, location: 2F 3-2: Base on Balls
|
Batting: SHB Larry Edwards
|
0-0: Foul Ball, location: 2F 0-1: Ball 1-1: Ball 2-1: Ball 3-1: Fly out, F5 (Popup, 6)
|
Batting: RHB Enrique Navarro
|
0-0: SINGLE (Groundball, 56D) Fred Smith to second
|
Batting: RHB James Venables
|
0-0: DOUBLE (Flyball, 8RXD) Fred Smith scores Enrique Navarro to third
|
Batting: LHB Tom Edwards
|
0-0: SINGLE (Line Drive, 6M) Enrique Navarro scores James Venables to third
|
Batting: RHB Mario Ramírez
|
0-0: Ball 1-0: Ball 2-0: Foul Ball, location: 2F 2-1: Swinging Strike 2-2: Ball 3-2: Base on Balls Tom Edwards to second
|
Batting: RHB Tony Klein
|
0-0: Fly out, F7 (Flyball, 78XD) Runner from 3rd tags up, SCORES, no throw Tom Edwards to third
|
Batting: RHB Ben McKenzie
|
0-0: Ball 1-0: Called Strike 1-1: Ground out 4-3 (Groundball, 4M)
|
Bottom of the 7th over - 3 runs, 3 hits, 0 errors, 2 left on base; Missouri 0 - Kansas State 16 |
TOP OF THE 8TH |
Missouri Tigers batting - Pitching for Kansas State Wildcats : LHP Diego Reyes
|
Batting: RHB Harry Edwards
|
0-0: Ball 1-0: Called Strike 1-1: Foul Ball, location: 2F 1-2: Ball 2-2: Ball 3-2: Hit by Pitch
|
Batting: SHB David Castaneda
|
0-0: Ball 1-0: Foul Ball, location: 2F 1-1: Ball 2-1: Ball 3-1: Grounds into double play, 4-6-3 (Groundball, 4)
|
Batting: RHB Walt Anderson
|
0-0: Ball 1-0: Called Strike 1-1: Ball 2-1: Swinging Strike 2-2: Ball 3-2: Strikes out looking
|
Top of the 8th over - 0 runs, 0 hits, 0 errors, 0 left on base; Missouri 0 - Kansas State 16 |
BOTTOM OF THE 8TH |
Kansas State Wildcats batting - Pitching for Missouri Tigers : RHP Donnie Davenport
|
Batting: RHB Richard Mitchell
|
0-0: Ball 1-0: Called Strike 1-1: Ball 2-1: Foul Ball, location: 2F 2-2: Ball 3-2: Base on Balls
|
Pitching: RHP Paul Young
|
|
Batting: RHB Fred Smith
|
0-0: Ball 1-0: Grounds into double play, 4-6-3 (Groundball, 4)
|
Batting: SHB Larry Edwards
|
0-0: Ball 1-0: Ball 2-0: SOLO HOME RUN (Flyball, 9D), Distance : 342 ft
|
Batting: RHB Enrique Navarro
|
0-0: Ball 1-0: Foul Ball, location: 2F 1-1: Ball 2-1: Foul Ball, location: 2F 2-2: Strikes out swinging
|
Bottom of the 8th over - 1 run, 1 hit, 0 errors, 0 left on base; Missouri 0 - Kansas State 17 |
TOP OF THE 9TH |
Missouri Tigers batting - Pitching for Kansas State Wildcats : LHP Diego Reyes
|
Batting: LHB Christian Harris
|
0-0: Called Strike 0-1: Foul Ball, location: 2F 0-2: Foul Ball, location: 2F 0-2: Strikes out swinging, 2-3 out at first.
|
Batting: LHB Alfredo Herrera
|
0-0: Foul Ball, location: 2F 0-1: Ball 1-1: Foul Ball, location: 2F 1-2: Ball 2-2: Foul Ball, location: 2F 2-2: Foul Ball, location: 2F 2-2: Ball 3-2: Base on Balls
|
Batting: RHB Beau McNeill
|
0-0: Called Strike 0-1: Swinging Strike 0-2: Strikes out swinging
|
Batting: SHB Brian Fish
|
0-0: Swinging Strike 0-1: Ball 1-1: Ball 2-1: Foul Ball, location: 2F 2-2: Ball 3-2: SINGLE (Groundball, 34S) (infield hit) Alfredo Herrera to second
|
Batting: LHB Julián Echevarría
|
0-0: Ball 1-0: Called Strike 1-1: SINGLE (Line Drive, 8LS) Alfredo Herrera to third Brian Fish to second
|
Batting: RHB Harvey Willis
|
0-0: Ball 1-0: DOUBLE (Line Drive, 9D) Alfredo Herrera scores Brian Fish scores Julián Echevarría to third
|
Batting: RHB Harry Edwards
|
0-0: Called Strike 0-1: Ball 1-1: SINGLE (Line Drive, 89S) Julián Echevarría scores Harvey Willis to third
|
Batting: SHB David Castaneda
|
0-0: Ball 1-0: Called Strike 1-1: Ball 2-1: Called Strike 2-2: Strikes out looking
|
Top of the 9th over - 3 runs, 4 hits, 0 errors, 2 left on base; Missouri 3 - Kansas State 17 |
|